 Dungeon Crawl Stone Soup version 0.26-a0-737-g4e9f4955e2 (webtiles) character file.

Game seed: 3453920574490522112

2 bastard the Cudgeler (level 1, 0/13 HPs)
             Began as a Gnoll Wanderer on Nov 5, 2020.
             Slain by a leopard gecko (5 damage)
             ... on level 1 of the Dungeon.
             The game lasted 00:00:07 (27 turns).

bastard the Cudgeler (Gnoll Wanderer)                 Turns: 27, Time: 00:00:08

Health: 0/13       AC:  2    Str: 13    XL:     1   Next: 30%
Magic:  4/4        EV: 11    Int: 14    God:
Gold:   0          SH:  0    Dex: 15    Spells: 5/5 levels left

rFire    . . .     SeeInvis .   a - +2 mace
rCold    . . .     Faith    .   (no shield)
rNeg     . . .     Spirit   .   d - +0 robe
rPois    .         Reflect  .   (no helmet)
rElec    .         Harm     .   (no cloak)
rCorr    .         Rampage  .   (no gloves)
MR       .....                  (no boots)
Stlth    ++........             (no amulet)
HPRegen  0.04/turn              (no ring)
MPRegen  0.09/turn              (no ring)

@: no status effects
A: distributed training, fangs 1, strong nose
a: no special abilities


You were on level 1 of the Dungeon.
You visited 1 branch of the dungeon, and saw 1 of its levels.

Inventory:

Hand Weapons
 a - a +2 mace (weapon)
Armour
 d - a +0 robe (worn)
Scrolls
 b - a scroll of enchant weapon {unknown}
 c - 2 scrolls of teleportation


   Skills:
 + Level 0.0 Fighting
 + Level 0.0 Short Blades
 + Level 0.0 Long Blades
 + Level 0.0 Axes
 + Level 6.4 Maces & Flails
 + Level 0.0 Polearms
 + Level 0.0 Staves
 + Level 0.0 Slings
 + Level 0.0 Bows
 + Level 0.0 Crossbows
 + Level 0.0 Throwing
 + Level 0.0 Armour
 + Level 0.0 Dodging
 + Level 2.1 Stealth
 + Level 0.0 Shields
 + Level 0.0 Unarmed Combat
 + Level 2.6 Spellcasting
 + Level 0.0 Conjurations
 + Level 0.0 Hexes
 + Level 0.0 Summonings
 + Level 0.0 Necromancy
 + Level 0.0 Translocations
 + Level 1.9 Transmutations
 + Level 0.0 Fire Magic
 + Level 0.0 Ice Magic
 + Level 5.3 Air Magic
 + Level 0.0 Earth Magic
 + Level 0.0 Poison Magic
 + Level 0.1 Invocations
 + Level 2.3 Evocations


You had 5 spell levels left.
You didn't know any spells.
Your spell library contained the following spells:

 Spells                   Type           Power        Failure   Level
 Swiftness                Air            ###.....     3%          2
 Corpse Rot               Necr/Air       N/A          11%         2


Dungeon Overview and Level Annotations

Branches:
Dungeon (1/15)

Altars:


Innate Abilities, Weirdness & Mutations

Your experience applies equally to all skills.
You have very sharp teeth.
Your uncanny sense of smell can sniff out nearby items.


Message History

You hit the rat.
You kill the rat!
The bat barely misses you. The leopard gecko bites you.
The bat barely misses you.
You hit the bat.
The bat is heavily wounded.
The bat completely misses you. The leopard gecko bites you. x2
The goblin closely misses you.
You hit the goblin. Your bite misses the goblin.
The goblin is moderately wounded.
The bat hits you but does no damage. x2; The leopard gecko bites you.
The goblin hits you.
You hit the bat.
You kill the bat!
The leopard gecko barely misses you. The goblin hits you but does no damage.
You hit the goblin.
The goblin is heavily wounded.
The leopard gecko bites you. The goblin barely misses you.
The leopard gecko bites you.
You die...

...............#
##...##...##...#
##.. #..####..#
#. #..####..# .
#...##...# ..
#........#
##......'##
########.####.#
#.@g.....#
#.......l.......
##.........#####
#..####...## ..
##.## . #.# #.#
.#


You could see a leopard gecko and a goblin.

Vanquished Creatures
  A bat (D:1)
  A rat (D:1)
2 creatures vanquished.

Notes
Turn   | Place    | Note
-------+----------+-------------------------------------------
     0 | D:1      | bastard the Gnoll Wanderer began the quest for the Orb.
     0 | D:1      | bastard set off with the following items: a +2 mace, a
                  | scroll of teleportation, a +0 robe; and the following
                  | spells available to memorise: Swiftness, Corpse Rot
     0 | D:1      | Reached XP level 1. HP: 13/13 MP: 4/4
    27 | D:1      | Slain by a leopard gecko

Illustrated notes

Levels and vault maps discovered:
D:1:      minmay_arrival_four_loops, layout_loops_ring

Action                   || total
-------------------------++-------
Melee: Mace              ||     5
Armor: Robe              ||     4
Dodge: Dodged            ||     6

Table legend: (Time is in decaauts)
 A = Elapsed time spent in this place.
 B = Non-inter-level travel time spent in this place.
 C = Inter-level travel time spent in this place.
 D = Time resting spent in this place.
 E = Time spent auto-exploring this place.
 F = Levels seen in this place.
 G = Mean time per level.
                   A        B        C        D        E       F      G
               +--------+--------+--------+--------+--------+-----+--------+
         Total |     27 |     27 |      0 |      0 |     19 |   1 |   27.0 |
       Dungeon |     27 |     27 |      0 |      0 |     19 |   1 |   27.0 |
               +--------+--------+--------+--------+--------+-----+--------+

Top non-repeatable levels by time:
     D:1: 27 daAuts
